TOP OF THE 1ST |
Vancouver Canadians batting - Pitching for Aberdeen Ironbirds : RHP Jonathan Spicer
|
Pitching: RHP Jonathan Spicer
|
|
Batting: RHB Stephen Casteel
|
0-0: Ground out 1-3 (Groundball, 15S, EV 68.1 MPH)
|
Batting: LHB Bob Myers
|
0-0: Swinging Strike 0-1: Swinging Strike 0-2: Strikes out swinging
|
Batting: RHB Jason Swisher
|
0-0: Ball 1-0: Ball 2-0: Foul Ball, location: 2F 2-1: SINGLE (Groundball, 34S, EV 95.6 MPH)
|
Batting: LHB Eric Toney
|
0-0: Swinging Strike 0-1: Ball 1-1: Swinging Strike 1-2: Strikes out swinging
|
Top of the 1st over - 0 runs, 1 hit, 0 errors, 1 left on base; Vancouver 0 - Aberdeen 0 |
BOTTOM OF THE 1ST |
Aberdeen Ironbirds batting - Pitching for Vancouver Canadians : RHP John York
|
Pitching: RHP John York
|
|
Batting: RHB Tony Godley
|
0-0: Ball 1-0: Ball 2-0: Fly out, F7 (Flyball, 7, EV 86.2 MPH)
|
Batting: RHB Matthew Neal
|
0-0: Swinging Strike 0-1: Called Strike 0-2: Ball 1-2: Foul Ball, location: 2F 1-2: Ground out 3-1 (Groundball, 34D, EV 83.1 MPH)
|
Batting: RHB Mike Pitts
|
0-0: Called Strike 0-1: Ball 1-1: Foul Ball, location: 2F 1-2: Ball 2-2: Strikes out swinging
|
Bottom of the 1st over - 0 runs, 0 hits, 0 errors, 0 left on base; Vancouver 0 - Aberdeen 0 |
TOP OF THE 2ND |
Vancouver Canadians batting - Pitching for Aberdeen Ironbirds : RHP Jonathan Spicer
|
Batting: RHB John Hering
|
0-0: SINGLE (Line Drive, 4MD, EV 95.0 MPH)
|
Batting: LHB Kurt Estep
|
0-0: Ball John Hering steals 2nd base (no throw) 1-0: SINGLE (Flyball, 56D, EV 85.6 MPH) - OUT at second base trying to stretch hit. John Hering scores
|
Batting: RHB Dan Hilyer
|
0-0: Foul Ball, location: 2F 0-1: Swinging Strike 0-2: Ball 1-2: Strikes out swinging
|
Batting: RHB Joel Bender
|
0-0: Ground out 5-3 (Groundball, 5, EV 83.8 MPH)
|
Top of the 2nd over - 1 run, 2 hits, 0 errors, 0 left on base; Vancouver 1 - Aberdeen 0 |
BOTTOM OF THE 2ND |
Aberdeen Ironbirds batting - Pitching for Vancouver Canadians : RHP John York
|
Batting: RHB Daniel Jackson
|
0-0: Called Strike 0-1: Ball 1-1: Ground out 6-3 (Groundball, 6, EV 99.4 MPH)
|
Batting: RHB Ismael Macedo
|
0-0: Called Strike 0-1: SINGLE (Groundball, P, EV 90.6 MPH) (infield hit)
|
Batting: RHB Matt Berrier
|
0-0: SINGLE (Groundball, 56D, EV 98.1 MPH) Ismael Macedo to second
|
Batting: RHB Josh Hopp
|
0-0: Ball 1-0: SINGLE (Groundball, 6MD, EV 97.5 MPH) Ismael Macedo to third Matt Berrier to second Runner from 3rd tries for Home, SAFE, throw by CF to home
|
Batting: RHB Matt O'Dea
|
0-0: Called Strike 0-1: Ball 1-1: Ball 2-1: Foul Ball, location: 2F 2-2: Fly out, F9 (Flyball, 9, EV 80.0 MPH)
|
Batting: RHB Chris McGuirk
|
0-0: Called Strike 0-1: Ball 1-1: SINGLE (Groundball, 6D, EV 93.8 MPH) Matt Berrier to third Josh Hopp to second Runner from 3rd tries for Home, throw by LF and OUT! 7-2
|
Bottom of the 2nd over - 1 run, 4 hits, 0 errors, 2 left on base; Vancouver 1 - Aberdeen 1 |
TOP OF THE 3RD |
Vancouver Canadians batting - Pitching for Aberdeen Ironbirds : RHP Jonathan Spicer
|
Batting: RHB Shunsuke Shiba Inu
|
0-0: Called Strike 0-1: Called Strike 0-2: Strikes out swinging
|
Batting: RHB Stephen Casteel
|
0-0: Ball 1-0: Called Strike 1-1: Ball 2-1: Swinging Strike 2-2: Ball 3-2: Strikes out swinging
|
Batting: LHB Bob Myers
|
0-0: Called Strike 0-1: Swinging Strike 0-2: Ball 1-2: Strikes out swinging
|
Top of the 3rd over - 0 runs, 0 hits, 0 errors, 0 left on base; Vancouver 1 - Aberdeen 1 |
BOTTOM OF THE 3RD |
Aberdeen Ironbirds batting - Pitching for Vancouver Canadians : RHP John York
|
Batting: RHB Tony Godley
|
0-0: Ball 1-0: Foul Ball, location: 2F 1-1: Ball 2-1: Foul Ball, location: 2F 2-2: Strikes out looking
|
Batting: RHB Matthew Neal
|
0-0: Ball 1-0: Ball 2-0: Called Strike 2-1: Foul Ball, location: 2F 2-2: Foul Ball, location: 2F 2-2: Ball 3-2: Strikes out swinging
|
Batting: RHB Mike Pitts
|
0-0: Called Strike 0-1: Called Strike 0-2: Foul Ball, location: 2F 0-2: Strikes out swinging
|
Bottom of the 3rd over - 0 runs, 0 hits, 0 errors, 0 left on base; Vancouver 1 - Aberdeen 1 |
TOP OF THE 4TH |
Vancouver Canadians batting - Pitching for Aberdeen Ironbirds : RHP Jonathan Spicer
|
Batting: RHB Jason Swisher
|
0-0: Called Strike 0-1: Ground out 2-3 (Groundball, 15S, EV 71.9 MPH)
|
Batting: LHB Eric Toney
|
0-0: Foul Ball, location: 2F 0-1: Fly out, F9 (Line Drive, 8RM, EV 91.9 MPH)
|
Batting: RHB John Hering
|
0-0: Ball 1-0: DOUBLE (Flyball, 89D, EV 103.1 MPH)
|
Batting: LHB Kurt Estep
|
0-0: Ball 1-0: Foul Ball, location: 2F 1-1: Called Strike 1-2: Strikes out swinging
|
Top of the 4th over - 0 runs, 1 hit, 0 errors, 1 left on base; Vancouver 1 - Aberdeen 1 |
BOTTOM OF THE 4TH |
Aberdeen Ironbirds batting - Pitching for Vancouver Canadians : RHP John York
|
Batting: RHB Daniel Jackson
|
0-0: Ball 1-0: Called Strike 1-1: Foul Ball, location: 2F 1-2: Foul Ball, location: 2F 1-2: Ball 2-2: Ball 3-2: Fly out, F9 (Flyball, 9LD, EV 98.8 MPH)
|
Batting: RHB Ismael Macedo
|
0-0: Fly out, F8 (Flyball, 8LD, EV 88.1 MPH)
|
Batting: RHB Matt Berrier
|
0-0: Called Strike 0-1: Foul Ball, location: 2F 0-2: Ball 1-2: Ball 2-2: SINGLE (Groundball, 6MD, EV 105.0 MPH)
|
Batting: RHB Josh Hopp
|
0-0: Called Strike 0-1: Ball 1-1: Fly out, F8 (Flyball, 8LXD, EV 91.2 MPH)
|
Bottom of the 4th over - 0 runs, 1 hit, 0 errors, 1 left on base; Vancouver 1 - Aberdeen 1 |
TOP OF THE 5TH |
Vancouver Canadians batting - Pitching for Aberdeen Ironbirds : RHP Jonathan Spicer
|
Batting: RHB Dan Hilyer
|
0-0: Ball 1-0: Ground out 5-3 (Groundball, 56S, EV 88.8 MPH)
|
Batting: RHB Joel Bender
|
0-0: Ball 1-0: Foul Ball, location: 2F 1-1: Foul Ball, location: 2F 1-2: Strikes out looking
|
Batting: RHB Shunsuke Shiba Inu
|
0-0: Called Strike 0-1: Foul Ball, location: 2F 0-2: Ball 1-2: Strikes out swinging
|
Top of the 5th over - 0 runs, 0 hits, 0 errors, 0 left on base; Vancouver 1 - Aberdeen 1 |
BOTTOM OF THE 5TH |
Aberdeen Ironbirds batting - Pitching for Vancouver Canadians : RHP John York
|
Batting: RHB Matt O'Dea
|
0-0: Fly out, F6 (Line Drive, 6M, EV 73.8 MPH)
|
Batting: RHB Chris McGuirk
|
0-0: Ball 1-0: Ground out 5-3 (Groundball, 56, EV 105.0 MPH)
|
Batting: RHB Tony Godley
|
0-0: Ground out 4-3 (Groundball, 34D, EV 100.6 MPH)
|
Bottom of the 5th over - 0 runs, 0 hits, 0 errors, 0 left on base; Vancouver 1 - Aberdeen 1 |
TOP OF THE 6TH |
Vancouver Canadians batting - Pitching for Aberdeen Ironbirds : RHP Jonathan Spicer
|
Batting: RHB Stephen Casteel
|
0-0: Ground out 4-3 (Groundball, 34, EV 86.9 MPH)
|
Batting: LHB Bob Myers
|
0-0: Ball 1-0: Swinging Strike 1-1: Ball 2-1: Ball 3-1: Called Strike 3-2: Strikes out swinging
|
Batting: RHB Jason Swisher
|
0-0: Ball 1-0: Swinging Strike 1-1: SINGLE (Groundball, 6MD, EV 107.5 MPH)
|
Batting: LHB Eric Toney
|
0-0: Called Strike 0-1: Swinging Strike 0-2: Strikes out swinging
|
Top of the 6th over - 0 runs, 1 hit, 0 errors, 1 left on base; Vancouver 1 - Aberdeen 1 |
BOTTOM OF THE 6TH |
Aberdeen Ironbirds batting - Pitching for Vancouver Canadians : RHP John York
|
Batting: RHB Matthew Neal
|
0-0: Called Strike 0-1: Ground out 5-3 (Groundball, 56S, EV 83.8 MPH)
|
Batting: RHB Mike Pitts
|
0-0: Ball 1-0: Ball 2-0: Called Strike 2-1: Ball 3-1: Foul Ball, location: 2F 3-2: SOLO HOME RUN (Line Drive, 7LD, EV 99.4 MPH), Distance : 369 ft
|
Batting: RHB Daniel Jackson
|
0-0: Ball 1-0: Called Strike 1-1: Foul Ball, location: 2F 1-2: Ground out 4-3 (Groundball, 4, EV 105.6 MPH)
|
Batting: RHB Ismael Macedo
|
0-0: Called Strike 0-1: Fly out, F7 (Flyball, 7LM, EV 83.8 MPH)
|
Bottom of the 6th over - 1 run, 1 hit, 0 errors, 0 left on base; Vancouver 1 - Aberdeen 2 |
TOP OF THE 7TH |
Vancouver Canadians batting - Pitching for Aberdeen Ironbirds : RHP Jonathan Spicer
|
Batting: RHB John Hering
|
0-0: Called Strike 0-1: Ball 1-1: Foul Ball, location: 2F 1-2: DOUBLE (Flyball, 89XD, EV 106.9 MPH)
|
Batting: LHB Kurt Estep
|
0-0: Ball 1-0: Ball 2-0: Foul Ball, location: 2F 2-1: Foul Ball, location: 2F 2-2: Ground out 6-3 (Groundball, 6, EV 100.0 MPH)
|
Pinch Hitting: LHB Ben Radach
|
0-0: Called Strike 0-1: Ball 1-1: Ball 2-1: Called Strike 2-2: Strikes out swinging
|
Pitching: RHP Juan Estrada
|
|
Pinch Hitting: LHB Sonny Flood
|
0-0: Ball 1-0: Ball 2-0: Called Strike 2-1: Ground out 4-3 (Groundball, 4, EV 90.0 MPH)
|
Top of the 7th over - 0 runs, 1 hit, 0 errors, 1 left on base; Vancouver 1 - Aberdeen 2 |
BOTTOM OF THE 7TH |
Aberdeen Ironbirds batting - Pitching for Vancouver Canadians : RHP John York
|
Now at 1B: Ben Radach
|
|
Now at 3B: Jason Swisher
|
|
Now in RF: Sonny Flood
|
|
Pinch Hitting: LHB Ralph Braine
|
0-0: Ball 1-0: Foul Ball, location: 2F 1-1: Ball 2-1: Called Strike 2-2: Ball 3-2: Base on Balls
|
Batting: RHB Josh Hopp
|
0-0: Called Strike 0-1: Bunt - Flyout to 15! F1
|
Batting: RHB Matt O'Dea
|
0-0: Called Strike Ralph Braine steals 2nd base (no throw) 0-1: Foul Ball, location: 2F 0-2: Foul Ball, location: 2F 0-2: Strikes out swinging
|
Batting: RHB Chris McGuirk
|
0-0: Ball Wild Pitch! Ralph Braine to third 1-0: Ball 2-0: Called Strike 2-1: Ball 3-1: Called Strike 3-2: Strikes out looking
|
Bottom of the 7th over - 0 runs, 0 hits, 0 errors, 1 left on base; Vancouver 1 - Aberdeen 2 |
TOP OF THE 8TH |
Vancouver Canadians batting - Pitching for Aberdeen Ironbirds : RHP Juan Estrada
|
Now at SS: Ethan Finke
|
|
Pinch Hitting: LHB Devin Huber
|
0-0: Swinging Strike 0-1: Swinging Strike 0-2: Strikes out swinging
|
Pinch Hitting: LHB Roald Jacobs
|
0-0: Foul Ball, location: 2F 0-1: SINGLE (Flyball, 89S, EV 91.2 MPH)
|
Batting: LHB Bob Myers
|
0-0: Called Strike Roald Jacobs is caught stealing 2nd base 2-6 0-1: Ball 1-1: Swinging Strike 1-2: SINGLE (Line Drive, 7LS, EV 100.6 MPH)
|
Batting: RHB Jason Swisher
|
0-0: Ball Bob Myers is caught stealing 2nd base 2-4
|
Top of the 8th over - 0 runs, 2 hits, 0 errors, 0 left on base; Vancouver 1 - Aberdeen 2 |
BOTTOM OF THE 8TH |
Aberdeen Ironbirds batting - Pitching for Vancouver Canadians : RHP John York
|
Now at 2B: Teko van de Sande
|
|
Now at SS: Lamberto Amicis
|
|
Batting: RHB Tony Godley
|
0-0: Ball 1-0: Ball 2-0: Foul Ball, location: 2F 2-1: Fly out, F7 (Flyball, 7, EV 90.0 MPH)
|
Pitching: LHP Luis Concepcion
|
|
Batting: RHB Matthew Neal
|
0-0: Called Strike 0-1: Foul Ball, location: 2F 0-2: Strikes out looking
|
Batting: RHB Mike Pitts
|
0-0: Swinging Strike 0-1: Ball 1-1: Foul Ball, location: 2F 1-2: Ball 2-2: SINGLE (Flyball, 3D, EV 96.2 MPH)
|
Batting: RHB Daniel Jackson
|
0-0: Ball 1-0: Called Strike 1-1: Ground out U3 (Groundball, 3, EV 80.0 MPH)
|
Bottom of the 8th over - 0 runs, 1 hit, 0 errors, 1 left on base; Vancouver 1 - Aberdeen 2 |
TOP OF THE 9TH |
Vancouver Canadians batting - Pitching for Aberdeen Ironbirds : RHP Juan Estrada
|
Pitching: RHP Harley Hyde
|
|
Batting: RHB Jason Swisher
|
0-0: Ball 1-0: Swinging Strike 1-1: Foul Ball, location: 2F 1-2: Strikes out swinging
|
Batting: LHB Eric Toney
|
0-0: Swinging Strike 0-1: Ball 1-1: Ball 2-1: Swinging Strike 2-2: Strikes out swinging
|
Batting: RHB John Hering
|
0-0: Called Strike 0-1: Foul Ball, location: 2F 0-2: Foul Ball, location: 2F 0-2: Strikes out swinging
|
Top of the 9th over - 0 runs, 0 hits, 0 errors, 0 left on base; Vancouver 1 - Aberdeen 2 |
|